 Dungeon Crawl Stone Soup version 0.19.3-1-g3169bf9 (webtiles) character file.

149 LORDOFBUTT the Chopper (level 5, -2/69 HPs)
             Began as a Minotaur Berserker on Jan 23, 2017.
             Was a Believer of Trog.
             Slain by a gnoll
             ... wielding a +0 spear
              (11 damage)
             ... on level 3 of the Dungeon on Jan 26, 2017.
             The game lasted 00:03:17 (2250 turns).

LORDOFBUTT the Chopper (Minotaur Berserker)         Turns: 2250, Time: 00:03:17

Health: -2/69      AC:  2    Str: 27    XL:     5   Next: 9%
Magic:  4/4        EV: 13    Int:  4    God:    Trog [**....]
Gold:   125        SH:  0    Dex: 10    Spells: 0 memorised, 4 levels left

rFire  . . .     SeeInvis .     a - +0 hand axe
rCold  . . .     Gourm    .     b - +0 animal skin
rNeg   . . .     Faith    .     (no shield)
rPois  .         Spirit   .     (helmet restricted)
rElec  .         Reflect  .     (no cloak)
rCorr  .         Harm     .     (no gloves)
MR     .....                    (no boots)
Stlth  ..........               (no amulet)
                                (no ring)
                                (no ring)

@: berserking, very quick
A: retaliatory headbutt, horns 2
a: Berserk, Trog's Hand, Burn Spellbooks, Renounce Religion


You were on level 3 of the Dungeon.
You worshipped Trog.
Trog was pleased with you.
You were hungry.

You visited 1 branch of the dungeon, and saw 3 of its levels.

You collected 125 gold pieces.

Inventory:

Hand Weapons
 a - a +0 hand axe (weapon)
Armour
 b - a +0 animal skin (worn)
Jewellery
 n - an uncursed ring of see invisible {unknown}
Scrolls
 d - 2 scrolls of recharging {unknown}
 f - a scroll of teleportation {unknown}
 g - a scroll of amnesia {unknown}
 h - 2 scrolls of remove curse {unknown}
 i - 2 scrolls of fear {unknown}
 k - a scroll of random uselessness {unknown}
 l - a scroll of identify {unknown}
 o - a scroll of magic mapping {unknown}
Potions
 e - a potion of ambrosia {unknown}
 j - 2 potions of lignification {unknown}
Comestibles
 c - 3 bread rations
 m - 3 meat rations
 p - 2 chunks of flesh


   Skills:
 - Level 4.0 Fighting
 * Level 5.9 Axes
 - Level 2.4 Armour
 + Level 3.7 Dodging


You had 4 spell levels left.
You didn't know any spells.

Dungeon Overview and Level Annotations

Branches:
Dungeon (3/15)

Altars:
Kikubaaqudgha
Trog


Innate Abilities, Weirdness & Mutations

You reflexively headbutt those who attack you in melee.
You have a pair of horns on your head.


Message History

You are too injured to fight recklessly!
You hit the kobold.
You kill the kobold!
Trog accepts your kill. The gnoll misses you.
You hit the gnoll.
The gnoll is moderately wounded.
The gnoll barely misses you.
You hit the gnoll.
The gnoll is heavily wounded.
The gnoll barely misses you.
The gnoll hits you from afar with a spear.
* * * LOW HITPOINT WARNING * * *
The gnoll hits you from afar with a spear!
* * * LOW HITPOINT WARNING * * *
You hit the gnoll.
The gnoll is severely wounded.
The gnoll misses you.
The gnoll hits you from afar with a spear!
You die...

##..########.# ##.#
#.## #.# ##.## ###
#+## #.... ..# #...#
#.... #.# #.....
#.... #.# #......
###.# #.###).....$
###... #...@gg.....
...... #.###.g.....
###... # #.# #......
##.# #.#######.#
#..... ###
#.........# #...# #
####.###### #+## #
#.# #######.###
####.######.........#
#........##.#####.#.#


You could see 3 gnolls.

Vanquished Creatures
  Jessica (D:2)
  A gnoll (D:3)
  5 adders
  3 worms (D:2)
  A dart slug (D:2)
  A leopard gecko (D:1)
  2 orcs (D:3)
  3 giant cockroaches
  4 goblins
  5 hobgoblins
  3 jackals (D:2)
  7 kobolds
  2 quokkas (D:3)
  11 bats
  4 frilled lizards
  6 rats
59 creatures vanquished.

Vanquished Creatures (others)
  A frilled lizard (D:1)
1 creature vanquished.

Grand Total: 60 creatures vanquished

Notes
Turn   | Place    | Note
-------+----------+-------------------------------------------
     0 | D:1      | LORDOFBUTT the Minotaur Berserker began the quest for the Orb.
     0 | D:1      | Reached XP level 1. HP: 19/19 MP: 0/0
     2 | D:1      | Noticed a ghoul
     2 | D:1      | Noticed a merfolk
     4 | D:1      | Noticed a human
     4 | D:1      | Noticed an ogre
     6 | D:1      | Noticed a naga
     8 | D:1      | Noticed a demigod
     8 | D:1      | Noticed an octopode
    12 | D:1      | Noticed a minotaur
    12 | D:1      | Noticed a gargoyle
    14 | D:1      | Noticed a halfling
    14 | D:1      | Noticed a dwarf
    16 | D:1      | Noticed a formicid
    16 | D:1      | Noticed a demonspawn
    18 | D:1      | Noticed a draconian
    18 | D:1      | Noticed a felid
    20 | D:1      | Noticed a vampire
    20 | D:1      | Noticed a troll
    22 | D:1      | Noticed an elf
    24 | D:1      | Noticed a tengu
    24 | D:1      | Noticed a spriggan
    26 | D:1      | Noticed a centaur
    26 | D:1      | Noticed a vine stalker
   230 | D:1      | Reached XP level 2. HP: 24/27 MP: 1/1
   376 | D:1      | Reached skill level 4 in Axes
  1083 | D:2      | Noticed Jessica
  1090 | D:2      | Killed Jessica
  1090 | D:2      | Reached XP level 3. HP: 29/33 MP: 2/2
  1102 | D:2      | Reached skill level 5 in Axes
  1142 | D:2      | Reached XP level 4. HP: 29/40 MP: 3/3
  1237 | D:2      | Reached ** piety under Trog
  1843 | D:3      | Found an ancient bone altar of Kikubaaqudgha.
  1854 | D:3      | Found a bloodstained altar of Trog.
  2200 | D:3      | Reached XP level 5. HP: 45/46 MP: 4/4
  2250 | D:3      | Slain by a gnoll

Skill      XL: |  1  2  3 |
---------------+----------+-----
Fighting       | 4 |  4.0
Axes           | 4 5 |  5.9
Dodging        | 3 |  3.7
Armour         | |  2.4

Action                   |  1- 3 |  4- 6 || total
-------------------------+-------+-------++-------
Melee: Hand axe          |    38 |    85 ||   123
       Headbutt          |     2 |    14 ||    16
Invok: Berserk           |     1 |     1 ||     2
  Eat: Chunk             |       |     5 ||     5
Armor: Animal skin       |     9 |    11 ||    20
Dodge: Dodged            |    29 |    63 ||    92
